 Dungeon Crawl Stone Soup version 0.26.1-2-gb8aa6d0cf2 (webtiles) character file.

Game seed: 14800784384239195977

850 jlumianski the Grasshopper (level 8, -3/63 HPs)
             Began as a Gnoll Warper on Mar 20, 2021.
             Was an Initiate of Vehumet.
             Splashed by a jelly's acid (9 damage)
             ... on level 6 of the Dungeon on Mar 21, 2021.
             The game lasted 00:30:24 (6868 turns).

jlumianski the Grasshopper (Gnoll Warper)           Turns: 6868, Time: 00:30:26

Health: -3/63      AC: -14   Str: 19    XL:     8   Next: 1%
Magic:  13/16      EV: 14    Int: 17    God:    Vehumet [......]
Gold:   224        SH:  5    Dex: 16    Spells: 10/18 levels left

rFire    . . .     SeeInvis .   n - +3 spear (vorpal)
rCold    . . .     Faith    .   s - +0 buckler
rNeg     . . .     Spirit   .   k - +0 ring mail
rPois    +         Reflect  .   u - +0 hat
rElec    .         Harm     .   (no cloak)
rCorr    .         Rampage  .   (no gloves)
Will     .....                  (no boots)
Stlth    ++........             r - amulet of magic regeneration
HPRegen  0.20/turn              q - +6 ring of strength
MPRegen  0.40/turn              I - ring of poison resistance

@: corroded
A: distributed training, fangs 1, strong nose
a: Renounce Religion


You were on level 6 of the Dungeon.
You worshipped Vehumet.
Vehumet was noncommittal.
You visited 2 branches of the dungeon, and saw 7 of its levels.

You collected 224 gold pieces.

Inventory:

Hand Weapons
 a - a +0 hand axe
 n - a +3 vorpal spear (weapon)
 x - a +0 dagger
 B - a +0 morningstar
 C - a +0 long sword
Missiles
 e - 5 boomerangs of dispersal
 f - 76 stones (quivered)
 l - 50 arrows
 t - 14 poisoned darts
 v - 8 atropa-tipped darts
 H - 21 bolts
Armour
 b - a +0 leather armour
 k - a +0 ring mail (worn)
 s - a +0 buckler (worn)
 u - a +0 hat (worn)
 A - a +2 robe of willpower
Jewellery
 q - a +6 ring of strength (left hand)
 r - an amulet of magic regeneration (around neck)
 I - a ring of poison resistance (right hand)
 J - an uncursed amulet of the acrobat
Wands
 y - a wand of digging (2)
 G - a wand of enslavement (6)
Scrolls
 c - a scroll of magic mapping
 d - 2 scrolls of blinking
 i - a scroll of remove curse
 m - a scroll of vulnerability {unknown}
 w - a scroll of identify
Potions
 g - a potion of curing
 h - a potion of berserk rage
 j - a potion of mutation {unknown}
 o - a potion of brilliance
 p - a potion of magic {unknown}
 E - 4 potions of heal wounds
 F - a potion of lignification {unknown}


   Skills:
 + Level 5.4 Fighting
 + Level 2.8 Short Blades
 + Level 2.8 Long Blades
 + Level 5.4 Axes
 + Level 2.8 Maces & Flails
 + Level 2.8 Polearms
 + Level 2.8 Staves
 + Level 2.8 Slings
 + Level 2.8 Bows
 + Level 2.8 Crossbows
 + Level 3.9 Throwing
 + Level 3.9 Armour
 + Level 5.4 Dodging
 + Level 2.8 Stealth
 + Level 2.8 Shields
 + Level 2.8 Unarmed Combat
 + Level 5.8 Spellcasting
 + Level 2.3 Conjurations
 + Level 2.3 Hexes
 + Level 2.3 Summonings
 + Level 2.3 Necromancy
 + Level 6.0 Translocations
 + Level 2.3 Transmutations
 + Level 2.3 Fire Magic
 + Level 2.3 Ice Magic
 + Level 2.3 Air Magic
 + Level 2.3 Earth Magic
 + Level 2.3 Poison Magic
 + Level 3.1 Invocations
 + Level 2.8 Evocations


You had 10 spell levels left.
You knew the following spells:

 Your Spells              Type           Power        Failure   Level
a - Blink                 Tloc           N/A          3%          2
b - Gell's Gravitas       Tloc           12%          6%          3
c - Teleport Other        Tloc           25%          6%          3

Your spell library contained the following spells:

 Spells                   Type           Power        Failure   Level
 Lesser Beckoning         Tloc           12%          6%          3
 Passage of Golubria      Tloc           N/A          22%         4
 Conjure Flame            Conj/Fire      12%          28%         3
 Ignite Poison            Fire/Tmut/Pois 12%          28%         3
 Leda's Liquefaction      Hex/Erth       6%           67%         4
 Sticky Flame             Conj/Fire      12%          67%         4
 Starburst                Conj/Fire      6%           100%        6


Dungeon Overview and Level Annotations

Branches:
Dungeon (6/15)             Temple (1/1) D:4

Altars:
Ashenzari
Dithmenos
Elyvilon
Hepliaklqana
Nemelex Xobeh
Okawaru
Sif Muna
Trog
Uskayaw
Vehumet
Xom
Yredelemnul

Annotations:
D:6 Blork the orc


Innate Abilities, Weirdness & Mutations

Your experience applies equally to all skills.
You have very sharp teeth.
Your uncanny sense of smell can sniff out nearby items.


Message History

The jelly closely misses you.
You hit the jelly but do no damage. The acid corrodes you!
Your hands burn!
The jelly is almost dead.
The jelly closely misses you.
You hit the jelly but do no damage.
Your hands burn!
* * * LOW HITPOINT WARNING * * *
The jelly is almost dead.
The jelly hits you.
* * * LOW HITPOINT WARNING * * *
The acid corrodes you!
You are splashed with acid.
* * * LOW HITPOINT WARNING * * *
Casting: Gell's Gravitas (dangerous; 6% risk of failure)
Confirm with . or Enter, or press ? or * to list all spells.
Aiming: Teleport Other (dangerous; 6% risk of failure)
Press: ? - help, Shift-Dir - straight line, f - jelly
Aim: a jelly (almost dead, chance to affect: 73%)
The jelly struggles to resist.
The jelly hits you.
* * * LOW HITPOINT WARNING * * *
The acid corrodes you!
You are splashed with acid!
You die...

#<..........#.....#
#...####....#.....#
###'####....#.....#
#......#....#.....#
#......#....#.....+ .
#......#....+.....# ...
#......#....#..<..#
.....##.#####....#.....#
......J@...# ##.....
...........# #.....
>..........# #.....
...........# #.....
...........# #.....
...........# #.....
...........# #.....
####+##..... #####. #.


You could see a jelly.

Vanquished Creatures
  A phantom (D:5)
  An ogre (D:4)
  A scorpion (D:4)
  2 howler monkeys
  A jelly (D:6)
  An orc priest (D:4)
  5 orc wizards
  Natasha (twice) (D:4)
  A centaur skeleton (D:5)
  An iguana (D:4)
  2 worker ants (D:4)
  7 adders
  2 white imps (D:5)
  An ufetubus (D:5)
  2 oozes (D:3)
  An adder skeleton (D:5)
  A worm (D:4)
  2 dart slugs
  4 leopard geckos
  18 orcs
  2 giant cockroaches
  4 goblins
  4 hobgoblins
  3 quokkas
  9 bats
  6 frilled lizards
  A jackal skeleton (D:5)
  6 kobolds
  2 leopard gecko skeletons
  11 rats
104 creatures vanquished.

Vanquished Creatures (others)
  5 plants (D:1)
5 creatures vanquished.

Grand Total: 109 creatures vanquished

Notes
Turn   | Place    | Note
-------+----------+-------------------------------------------
     0 | D:1      | jlumianski the Gnoll Warper began the quest for the Orb.
     0 | D:1      | Reached XP level 1. HP: 20/20 MP: 6/6
   231 | D:1      | Reached XP level 2. HP: 26/26 MP: 7/7
   234 | D:1      | Learned a level 2 spell: Blink
   977 | D:1      | Reached XP level 3. HP: 27/31 MP: 9/9
  1061 | D:2      | Reached skill level 5 in Spellcasting
  1061 | D:2      | Found a broken altar of Ashenzari.
  1313 | D:2      | Reached skill level 1 in Invocations
  2099 | D:2      | You fall into a shaft and drop 1 floor!
  2143 | D:2      | Reached skill level 1 in Short Blades
  2143 | D:2      | Reached skill level 1 in Long Blades
  2143 | D:2      | Reached skill level 1 in Maces & Flails
  2143 | D:2      | Reached skill level 1 in Polearms
  2143 | D:2      | Reached skill level 1 in Staves
  2143 | D:2      | Reached skill level 1 in Slings
  2143 | D:2      | Reached skill level 1 in Bows
  2143 | D:2      | Reached skill level 1 in Crossbows
  2143 | D:2      | Reached skill level 1 in Stealth
  2143 | D:2      | Reached skill level 1 in Shields
  2143 | D:2      | Reached skill level 1 in Unarmed Combat
  2143 | D:2      | Reached skill level 1 in Evocations
  2413 | D:2      | Reached XP level 4. HP: 38/38 MP: 11/11
  2536 | D:3      | Reached skill level 1 in Conjurations
  2536 | D:3      | Reached skill level 1 in Hexes
  2536 | D:3      | Reached skill level 1 in Summonings
  2536 | D:3      | Reached skill level 1 in Necromancy
  2536 | D:3      | Reached skill level 1 in Transmutations
  2536 | D:3      | Reached skill level 1 in Fire Magic
  2536 | D:3      | Reached skill level 1 in Ice Magic
  2536 | D:3      | Reached skill level 1 in Air Magic
  2536 | D:3      | Reached skill level 1 in Earth Magic
  2536 | D:3      | Reached skill level 1 in Poison Magic
  2572 | D:2      | Reached XP level 5. HP: 12/43 MP: 12/12
  2576 | D:2      | Learned a level 3 spell: Gell's Gravitas
  3872 | D:3      | Reached XP level 6. HP: 50/50 MP: 13/13
  3912 | D:3      | Found a hazy altar of Hepliaklqana.
  3914 | D:3      | Found a shimmering altar of Xom.
  3915 | D:3      | Noticed a spectral ugly thing
  4236 | D:4      | Reached skill level 5 in Fighting
  4236 | D:4      | Reached skill level 5 in Axes
  4236 | D:4      | Reached skill level 5 in Dodging
  4327 | D:5      | Entered Level 5 of the Dungeon
  4403 | D:4      | Identified the Almanac of Ashen Fire
  4414 | D:4      | Learned a level 3 spell: Teleport Other
  4456 | D:4      | Found a staircase to the Ecumenical Temple.
  4467 | Temple   | Entered the Ecumenical Temple
  4531 | Temple   | Became a worshipper of Vehumet
  4777 | D:4      | Reached XP level 7. HP: 56/56 MP: 15/15
  4808 | D:4      | Noticed Natasha
  4816 | D:4      | Killed Natasha
  5490 | D:4      | Noticed Natasha
  5497 | D:4      | Killed Natasha
  6537 | D:6      | Reached skill level 6 in Translocations
  6537 | D:6      | Reached XP level 8. HP: 51/63 MP: 16/16
  6603 | D:6      | Noticed Blork the orc
  6868 | D:6      | Splashed by a jelly's acid

Illustrated notes

Levels and vault maps discovered:
D:1:      giann_forest_graveyard, layout_loops_ring, minmay_lizard_king
D:2:      layout_basic, nicolae_ashenzari_panopticon,
          hangedman_decor_clover_reticule
D:3:      mumra_celtic_spiral_tile, layout_basic, regret_index_temple_of_mockery
D:4:      layout_basic, minmay_temple_entry_mini_moons, uniq_natasha
D:5:      layout_cave_pods, serial_column_ruins, column_ruins_circle_medium,
          column_ruins_grid_1, column_ruins_open_small,
          column_ruins_columns_straight
D:6:      layout_gridville, serial_shops, nicolae_shop_crystal, shop, shop,
          kennysheep_another_room, kennysheep_decorative_pillar,
          uniq_blork_the_orc, uniq_sigmund, uniq_pikel
Temple:   kb_temple_of_zot

Skill      XL: |  1  2  3  4  5  6  7 |
---------------+----------------------+-----
Spellcasting   | 5 |  5.8
Invocations    | 1 2 3 |  3.1
Short Blades   | 1 2 |  2.8
Long Blades    | 1 2 |  2.8
Maces & Flails | 1 2 |  2.8
Polearms       | 1 2 |  2.8
Staves         | 1 2 |  2.8
Slings         | 1 2 |  2.8
Bows           | 1 2 |  2.8
Crossbows      | 1 2 |  2.8
Stealth        | 1 2 |  2.8
Shields        | 1 2 |  2.8
Unarmed Combat | 1 2 |  2.8
Evocations     | 1 2 |  2.8
Conjurations   | 1 2 |  2.3
Hexes          | 1 2 |  2.3
Summonings     | 1 2 |  2.3
Necromancy     | 1 2 |  2.3
Transmutations | 1 2 |  2.3
Fire Magic     | 1 2 |  2.3
Ice Magic      | 1 2 |  2.3
Air Magic      | 1 2 |  2.3
Earth Magic    | 1 2 |  2.3
Poison Magic   | 1 2 |  2.3
Throwing       | 3 |  3.9
Armour         | 3 |  3.9
Fighting       | 5 |  5.4
Axes           | 5 |  5.4
Dodging        | 5 |  5.4
Translocations | 6 |  6.0

Action                   |  1- 3 |  4- 6 |  7- 9 || total
-------------------------+-------+-------+-------++-------
Melee: Hand axe          |    74 |       |       ||    74
       Bite              |    10 |     7 |    15 ||    32
       Spear             |    27 |   112 |   110 ||   249
       Dagger            |       |     4 |       ||     4
Throw: Stone             |    29 |     7 |     8 ||    44
       Dart              |       |     3 |       ||     3
       Boomerang         |       |     2 |     3 ||     5
 Cast: Gell's Gravitas   |       |     8 |     5 ||    13
       Teleport Other    |       |       |     3 ||     3
  Use: Scroll            |     3 |     8 |       ||    11
       Potion            |       |       |     4 ||     4
 Stab: Sleeping          |       |     3 |       ||     3
Armor: Leather armour    |    17 |       |       ||    17
       Ring mail         |    36 |    19 |    18 ||    73
Dodge: Dodged            |    96 |    48 |    49 ||   193
Block: Buckler           |     1 |    18 |    14 ||    33
